 Dungeon Sprint DCSS version 0.30-a0-964-gd452b5e7fa (webtiles) character file.

Game seed: 2825635913710694273

63 Parcival the Trooper (level 3, -1/37 HPs)
             Began as a Minotaur Fighter on Mar 30, 2023.
             Slain by an orc
             ... wielding a +0 club
              (4 damage)
             ... in the Dungeon (Sprint IX: "|||||||||||||||||||||||||||||").
             The game lasted 00:00:12 (63 turns).

Parcival the Trooper (Minotaur Fighter)               Turns: 63, Time: 00:00:13

Health: -1/37      AC:  7    Str: 22    XL:     3   Next: 89%
Magic:  2/2        EV:  9    Int:  5    God:
Gold:   0          SH:  5    Dex:  9    Spells: 2/2 levels left

rFire   . . .      SeeInvis .    a - +0 war axe
rCold   . . .      Faith    .    c - +0 buckler
rNeg    . . .      Spirit   .    b - +0 scale mail
rPois   .          Reflect  .    (helmet restricted)
rElec   .          Rampage  .    (no cloak)
rCorr   .          NoTele   +    (no gloves)
Will    .....                    (no boots) Stlth
                                 (no amulet)
HPRegen 0.26/turn                (no ring)
MPRegen 0.08/turn                (no ring)

@: lethally poisoned (-1 -> -5)
A: horns 2, retaliatory headbutt
a: no special abilities


You were in the Dungeon.
You visited 1 branch

Inventory:

Hand Weapons
 a - a +0 war axe (weapon)
Armour
 b - a +0 scale mail (worn)
 c - a +0 buckler (worn)
Scrolls
 j - a scroll of blinking
Potions
 d - a potion of might
 e - a potion of curing
 f - a potion of heal wounds
 g - a potion of haste
 h - 2 potions of magic
 i - a potion of berserk rage


   Skills:
 + Level 6.0 Fighting
 + Level 4.8 Axes
 + Level 5.9 Armour
 + Level 0.6 Dodging
 + Level 5.7 Shields


You had 2 spell levels left.
You didn't know any spells.
Your spell library was empty.

Dungeon Overview and Level Annotations

Branches:
Dungeon (1/1)

Altars:


Innate Abilities, Weirdness & Mutations

You have a pair of horns on your head.
You reflexively headbutt those who attack you in melee.


Message History

A phantom, 3 orcs and a scorpion come into view.
The orc shouts! x2
You barely miss the scorpion. Your headbutt misses the scorpion.
You block the scorpion's attack.
You barely miss the scorpion. Your headbutt misses the scorpion.
The scorpion stings you.
You are poisoned.
The scorpion poisons you! The scorpion misses you.
You hit the scorpion.
The scorpion is moderately wounded.
You feel very sick. The scorpion stings you.
You are lethally poisoned!
The scorpion poisons you!
The scorpion stings you but does no damage.
You hit the scorpion.
The scorpion is heavily wounded.
You feel very sick. The scorpion closely misses you.
You slash the scorpion!
You kill the scorpion!
* * * LOW HITPOINT WARNING * * *
You feel very sick.
Your Fighting skill gained 2 levels and is now at level 6!
Your Axes skill increases to level 4!
Your Armour skill increases to level 5!
Your Shields skill increases to level 5!
You have reached level 2!
You have reached level 3!
Your experience leads to an increase in your attributes!
Increase (S)trength, (I)ntelligence, or (D)exterity?
You feel stronger. x2
You slash the orc!
You kill the orc!
* * * LOW HITPOINT WARNING * * *
You feel sick. The orc closely misses you.
You hit the orc.
The orc is severely wounded.
* * * LOW HITPOINT WARNING * * *
You feel sick. The orc hits you with a +0 club.
You die...

▓+▓
▓.▓
▓.▓
▓.▓
▓o▓
▓W▓
▓o▓
▓@▓
▓.▓
▓.▓
▓.▓
▓.▓
▓†▓
▓.▓
▓.▓
▓.▓


You could see a phantom and 2 orcs.

Vanquished Creatures
  A scorpion (D)
  An orc (D)
  An endoplasm (D)
  A hobgoblin (D)
  3 ball pythons (D)
7 creatures vanquished.

Notes
Turn   | Place    | Note
-------+----------+-------------------------------------------
     0 | D        | Parcival the Minotaur Fighter began the quest for the Orb.
     0 | D        | Reached XP level 1. HP: 19/19 MP: 0/0
     8 | D        | Reached skill level 4 in Fighting
    56 | D        | Noticed a phantom
    56 | D        | Noticed a scorpion
    61 | D        | Killed a scorpion
    62 | D        | Reached skill level 6 in Fighting
    62 | D        | Reached skill level 5 in Armour
    62 | D        | Reached skill level 5 in Shields
    62 | D        | Reached XP level 2. HP: 5/30 MP: 1/1
    62 | D        | Reached XP level 3. HP: 6/37 MP: 2/2
    63 | D        | Slain by an orc

Illustrated notes

Levels and vault maps discovered:
D:        linesprint [early_d, line_temple, items_1, d_10, items_2, lair_1,
          lair_end, items_3, orc_1, orc_end, items_4, d_15, swamp_1, shoals_1,
          snake_1, spider_1, d_20, vaults_1, items_5, swamp_end, shoals_end,
          snake_end, spider_end, vaults_end, d_27, items_6, zot_1, zot_end,
          crypt_end, forest_end, elf_end, slime_end, tomb_end, abyss_end,
          pan_hell_end]

Skill      XL: |  1 |
---------------+----+-----
Fighting       | 6 |  6.0
Armour         | 5 |  5.9
Shields        | 5 |  5.7
Axes           | 4 |  4.8
Dodging        | |  0.6

Action                     || total
---------------------------++-------
  Melee: War axe           ||    20
         Headbutt          ||     2
 Armour: Scale mail        ||     6
  Dodge: Dodged            ||     6
  Block: Buckler           ||     7

Table legend: (Time is in decaauts)
 A = Elapsed time spent in this place.
 B = Non-inter-level travel time spent in this place.
 C = Inter-level travel time spent in this place.
 D = Time resting spent in this place.
 E = Time spent auto-exploring this place.
 F = Levels seen in this place.
 G = Mean time per level.
                   A        B        C        D        E       F      G
               +--------+--------+--------+--------+--------+-----+--------+
         Total |     70 |     70 |      0 |      0 |     37 |   1 |   70.0 |
       Dungeon |     70 |     70 |      0 |      0 |     37 |   1 |   70.0 |
               +--------+--------+--------+--------+--------+-----+--------+

Top non-repeatable levels by time:
       D: 70 daAuts
